AoeStats
← 真我,无我

African Clearing

506995172Analyzed
4v4 RM · 17d ago on Sep 16, 2026· 24m 34s· 8 players
Game mode
Random Map
Map size
Large (8 player)
Population
200
Speed
Normal
Resources
Standard
Victory
Conquest
Starting age
Dark Age
Ending age
Imperial Age
RankedLock teamsTeams togetherTeam positionsShared explorationLock speedFull tech treeHidden civsTurbo modeCheats
Victory
Defeat
🇬🇧 Burgundians · United Kingdom
1079
+12
🇵🇪 Romans · Peru
1067
+12
🇺🇸 Persians · United States
1042
+13
🇺🇸 Ethiopians · United States
964
+16
🇨🇴 Italians · Colombia
1023
-15
🇯🇵 Khmer · Japan
994
-14
🇨🇳 Khmer · China
978
-13
🇨🇳 Sicilians · China
915
-11
MikeMeanMachine
9:46 Loom
12:51 Feudal Age
20:42 Castle Age
20:59 Wheelbarrow
HD
5:25 Loom
17:17 Feudal Age
20:14 Castle Age
fj0083
14:00 Feudal Age
14:53 Double-Bit Axe
16:02 Bloodlines
真我,无我
5:07 Loom
osubuckeyes022
8:48 Loom
15:28 Feudal Age
Cupah_J0E
12:18 Loom
16:50 Feudal Age
20:49 Castle Age
19:19 Padded Archer Armor
19:31 Fletching
21:15 Crossbowman
22:41 Bodkin Arrow
jairo
15:00 Feudal Age
16:41 Double-Bit Axe
19:22 Castle Age
19:39 Man-at-Arms
20:21 Squires
20:22 Long Swordsman
21:16 Forging
21:06 Scale Mail Armor
23:05 Loom
23:56 Wheelbarrow
Her
6:40 Loom
14:45 Feudal Age
15:55 Double-Bit Axe
16:58 Bow Saw
17:44 Horse Collar
18:39 Heavy Plow
22:23 Forging
23:04 Wheelbarrow
25:14 Hand Cart
25:07 Scale Mail Armor
Connection lost

Rejoining the realm…

Still unreachable

The connection could not be restored.

Session expired

The server has moved on; the page needs a fresh start.